 Dungeon Crawl Stone Soup version 0.19.3-1-g3169bf9 (webtiles) character file.

271 ponk the Basher (level 6, -7/62 HPs)
             Began as an Ogre Berserker on Jan 25, 2017.
             Was a Priest of Trog.
             Mangled by Menkaure (19 damage)
             ... on level 4 of the Dungeon.
             The game lasted 00:07:46 (2717 turns).

ponk the Basher (Ogre Berserker)                    Turns: 2717, Time: 00:07:47

Health: -7/62      AC:  3    Str: 23    XL:     6   Next: 23%
Magic:  6/6        EV: 10    Int:  6    God:    Trog [***...]
Gold:   144        SH:  0    Dex: 11    Spells: 0 memorised, 5 levels left

rFire  . . .     SeeInvis .     d - +0 flail
rCold  . . .     Gourm    .     b - +0 animal skin
rNeg   . . .     Faith    +     (no shield)
rPois  .         Spirit   .     (helmet restricted)
rElec  .         Reflect  .     (no cloak)
rCorr  .         Harm     .     (gloves unavailable)
MR     .....                    (boots unavailable)
Stlth  +.........               u - amulet of faith
                                (no ring)
                                (no ring)

@: no status effects
A: unfitting armour, tough skin 1
a: Berserk, Trog's Hand, Burn Spellbooks, Renounce Religion


You were on level 4 of the Dungeon.
You worshipped Trog.
Trog was most pleased with you.
You were not hungry.

You visited 1 branch of the dungeon, and saw 4 of its levels.

You collected 144 gold pieces.

Inventory:

Hand Weapons
 a - a +0 mace
 d - a +0 flail (weapon)
Armour
 b - a +0 animal skin (worn)
Jewellery
 u - an amulet of faith (around neck)
Scrolls
 l - 2 scrolls of immolation {unknown}
 m - a scroll of teleportation {unknown}
 o - 2 scrolls of remove curse {unknown}
 p - 3 scrolls of noise {unknown}
 q - a scroll of amnesia {unknown}
 r - a scroll of fear {unknown}
 w - 3 scrolls of magic mapping {unknown}
Potions
 e - 2 potions of lignification
 f - a potion of cancellation
 h - a potion of flight
 j - a potion of might
 s - a potion of curing
 v - a potion of ambrosia {unknown}
 x - 2 potions of agility {unknown}
 z - 2 potions of resistance {unknown}
Comestibles
 c - 4 bread rations
 g - a royal jelly
 i - a chunk of flesh
 k - 5 fruits
 n - a meat ration
 t - a beef jerky


   Skills:
 - Level 4.1 Fighting
 + Level 8.9 Maces & Flails
 - Level 2.6 Dodging


You had 5 spell levels left.
You didn't know any spells.

Dungeon Overview and Level Annotations

Branches:
Dungeon (4/15)
 Temple: D:4-7

Altars:
Kikubaaqudgha

Annotations:
D:4 Menkaure


Innate Abilities, Weirdness & Mutations

You are too large for most types of armour.
You have tough skin. (AC +1)


Message History

Pain shoots through your body!
Menkaure calls on the powers of darkness!
Your body is wracked with pain!
Menkaure hums drily.
Menkaure calls on the powers of darkness!
Your body is wracked with pain!
* * * LOW HITPOINT WARNING * * *
Menkaure draws the symbol "Udjat" in the dust.
Menkaure calls on the powers of darkness!
Your body is wracked with pain!
* * * LOW HITPOINT WARNING * * *
Menkaure gestures at you while chanting.
Pain shoots through your body!
* * * LOW HITPOINT WARNING * * *
Menkaure calls on the powers of darkness!
Your body is wracked with pain!
* * * LOW HITPOINT WARNING * * *
You feel better. Menkaure hits you!!
You die...

#.###.....# ##..
#.#.......## ##..#
#..........## ##..##
##...........# ###..##
##............## ##...## ###
#..............###..### #...
##.............##..## #....
###.............#..##
#.....#.........@M......##
.......<##..............#
.......####................#
....... #..........####.[..
....... ##........## ###..
....... ##....#### # .......
###.## ....... ..# .......


You could see Menkaure.

Vanquished Creatures
  Sigmund (D:2)
  Terence (D:3)
  2 adders
  2 leopard geckos
  An orc (D:3)
  2 ball pythons
  7 bats
  A bat zombie (D:2)
  5 giant cockroaches
  7 goblins
  11 hobgoblins
  6 jackals
  7 kobolds
  5 quokkas
  6 frilled lizards
  9 rats
  3 rat zombies (D:2)
76 creatures vanquished.

Notes
Turn   | Place    | Note
-------+----------+-------------------------------------------
     0 | D:1      | ponk the Ogre Berserker began the quest for the Orb.
     0 | D:1      | Reached XP level 1. HP: 24/24 MP: 1/1
   109 | D:1      | Reached XP level 2. HP: 28/32 MP: 2/2
   274 | D:1      | Reached skill level 5 in Maces & Flails
   537 | D:1      | Reached XP level 3. HP: 38/39 MP: 3/3
   779 | D:1      | Reached ** piety under Trog
   806 | D:1      | HP: 1/39 [jackal (3)]
  1324 | D:2      | Reached skill level 6 in Maces & Flails
  1517 | D:2      | Noticed Terence
  1521 | D:2      | Reached XP level 4. HP: 29/48 MP: 4/4
  1542 | D:3      | Killed Terence
  1780 | D:2      | Noticed Sigmund
  1787 | D:2      | Killed Sigmund
  1787 | D:2      | Reached skill level 8 in Maces & Flails
  1787 | D:2      | Reached XP level 5. HP: 39/54 MP: 5/5
  1787 | D:2      | Reached XP level 6. HP: 45/62 MP: 6/6
  2020 | D:2      | Found an ancient bone altar of Kikubaaqudgha.
  2633 | D:3      | Reached *** piety under Trog
  2688 | D:4      | Noticed Menkaure
  2717 | D:4      | Mangled by Menkaure

Skill      XL: |  1  2  3  4 |
---------------+-------------+-----
Maces & Flails | 5 6 8 |  8.9
Fighting       | |  4.1
Dodging        | |  2.6

Action                   |  1- 3 |  4- 6 || total
-------------------------+-------+-------++-------
Melee: Mace              |   156 |     6 ||   162
       Flail             |       |    92 ||    92
Invok: Berserk           |     1 |     1 ||     2
  Use: Scroll            |     3 |     2 ||     5
       Potion            |       |     1 ||     1
 Stab: Sleeping          |     1 |       ||     1
  Eat: Chunk             |     3 |     5 ||     8
Armor: Animal skin       |    49 |    41 ||    90
       Robe              |     1 |       ||     1
Dodge: Dodged            |   109 |    49 ||   158
